 Dungeon Crawl Stone Soup version 0.21.0-3-g78d12a8 (webtiles) character file.

112 Megalobster the Charmwright (level 4, 0/38 HPs)
             Began as a Gnoll Skald on Jan 17, 2018.
             Slain by an orc
             ... wielding a +0 dagger
              (2 damage)
             ... on level 3 of the Dungeon.
             The game lasted 00:04:41 (2812 turns).

Megalobster the Charmwright (Gnoll Skald)           Turns: 2812, Time: 00:04:42

Health: 0/38       AC:  7    Str: 14    XL:     4   Next: 93%
Magic:  9/11       EV: 11    Int: 15    God:
Gold:   128        SH:  0    Dex: 15    Spells: 8/13 levels left

rFire    . . .     SeeInvis .   a - +0 mace
rCold    . . .     Gourm    .   (no shield)
rNeg     . . .     Faith    .   p - +0 scale mail
rPois    .         Spirit   .   l - +0 helmet
rElec    .         Reflect  .   (no cloak)
rCorr    .         Harm     .   (no gloves)
MR       .....                  (no boots)
Stlth    ..........             (no amulet)
HPRegen  0.12/turn              (no ring)
MPRegen  0.12/turn              (no ring)

@: singing (expiring), very slightly contaminated, hasted, very quick
A: distributed training, fangs 1, strong nose
a: no special abilities


You were on level 3 of the Dungeon.
You were not hungry.

You visited 1 branch of the dungeon, and saw 3 of its levels.

You collected 128 gold pieces.

Inventory:

Hand Weapons
 a - a +0 mace (weapon)
Missiles
 e - 38 arrows
 f - 4 bolts
 g - 13 sling bullets
 i - 31 stones (quivered)
Armour
 b - a +0 leather armour
 l - a +0 helmet (worn)
 m - a +0 ring mail
 p - a +0 scale mail (worn)
Scrolls
 n - a scroll of identify {unknown}
 o - a scroll of teleportation {unknown}
Potions
 k - a potion of curing {unknown}
Books
 c - a book of Battle

   Spells                             Type                      Level
   a - Infusion                       Charms                       1
   b - Shroud of Golubria             Charms/Translocation         2
   c - Song of Slaying                Charms                       2
   d - Spectral Weapon                Hexes/Charms                 3
   e - Regeneration                   Charms/Necromancy            3
Comestibles
 d - a ration
 h - 2 chunks of flesh


   Skills:
 + Level 4.7 Fighting
 + Level 1.2 Short Blades
 + Level 1.2 Long Blades
 + Level 1.2 Axes
 + Level 4.7 Maces & Flails
 + Level 1.2 Polearms
 + Level 1.2 Staves
 + Level 1.2 Slings
 + Level 1.2 Bows
 + Level 1.2 Crossbows
 + Level 1.2 Throwing
 + Level 2.8 Armour
 + Level 4.7 Dodging
 + Level 1.2 Stealth
 + Level 1.2 Shields
 + Level 1.2 Unarmed Combat
 + Level 5.1 Spellcasting
 + Level 1.0 Conjurations
 + Level 1.0 Hexes
 + Level 5.5 Charms
 + Level 1.0 Summonings
 + Level 1.0 Necromancy
 + Level 1.0 Translocations
 + Level 1.0 Transmutations
 + Level 1.0 Fire Magic
 + Level 1.0 Ice Magic
 + Level 1.0 Air Magic
 + Level 1.0 Earth Magic
 + Level 1.0 Poison Magic
 + Level 1.4 Invocations
 + Level 1.2 Evocations


You had 8 spell levels left.
You knew the following spells:

 Your Spells              Type           Power        Failure   Level  Hunger
a - Infusion              Chrm           ###.         7%          1    None
b - Song of Slaying       Chrm           ###.....     11%         2    ##.....
c - Shroud of Golubria    Chrm/Tloc      ##........   26%         2    ##.....


Dungeon Overview and Level Annotations

Branches:
Dungeon (3/15)

Altars:


Innate Abilities, Weirdness & Mutations

Your experience applies equally to all skills.
You have very sharp teeth.
Your uncanny sense of smell can sniff out nearby items.


Message History

* * * LOW HITPOINT WARNING * * *
An orc comes into view. It is wielding a dagger.
You take 6 damage, and have 7/38 hp.
You thump the gnoll!
You kill the gnoll!
The orc hits you with a mace.
* * * LOW HITPOINT WARNING * * *
You take 5 damage, and have 2/38 hp.
You sock the orc!
You kill the orc!
The kobold hits you but does no damage.
An orc wizard comes into view. It is wielding a dagger.
You hit the kobold.
You kill the kobold!
Your song is almost over.
The orc barely misses you.
An orc comes into view.
It was a potion of haste.
You feel yourself speed up. The orc hits you with a dagger.
You die...

.. ∆ .. .####.
#......∆ ##....
####oK#########
#oo)............
#o##.##.#####.#
#@##.##.......#
#)##....<..##.#
#.#####.>#.##.#
..g......####..#....#
.g..##..............#
## #.#.#####.####.#
.. .# #......# ### .#
######## .#


You could see an orc wizard and 2 orcs.

Vanquished Creatures
  Terence (D:2)
  2 gnolls (D:3)
  3 dart slugs
  3 leopard geckos
  2 orcs (D:3)
  5 giant cockroaches
  4 goblins
  8 hobgoblins
  2 jackals (D:2)
  A quokka (D:2)
  2 ball pythons (D:2)
  6 bats
  2 frilled lizards
  7 kobolds
  6 rats
54 creatures vanquished.

Notes
Turn   | Place    | Note
-------+----------+-------------------------------------------
     0 | D:1      | Megalobster the Gnoll Skald began the quest for the Orb.
     0 | D:1      | Reached XP level 1. HP: 20/20 MP: 6/6
   148 | D:1      | Reached XP level 2. HP: 5/26 MP: 0/7
   409 | D:1      | Learned a level 2 spell: Song of Slaying
   412 | D:1      | Learned a level 2 spell: Shroud of Golubria
   837 | D:1      | Reached XP level 3. HP: 29/31 MP: 9/9
  1234 | D:1      | Reached skill level 5 in Spellcasting
  1608 | D:2      | Reached skill level 1 in Invocations
  2377 | D:2      | Reached skill level 1 in Short Blades
  2377 | D:2      | Reached skill level 1 in Long Blades
  2377 | D:2      | Reached skill level 1 in Axes
  2377 | D:2      | Reached skill level 1 in Polearms
  2377 | D:2      | Reached skill level 1 in Staves
  2377 | D:2      | Reached skill level 1 in Slings
  2377 | D:2      | Reached skill level 1 in Bows
  2377 | D:2      | Reached skill level 1 in Crossbows
  2377 | D:2      | Reached skill level 1 in Throwing
  2377 | D:2      | Reached skill level 1 in Stealth
  2377 | D:2      | Reached skill level 1 in Shields
  2377 | D:2      | Reached skill level 1 in Unarmed Combat
  2377 | D:2      | Reached skill level 1 in Evocations
  2439 | D:2      | Reached XP level 4. HP: 38/38 MP: 11/11
  2520 | D:2      | Noticed Terence
  2529 | D:2      | Killed Terence
  2803 | D:3      | Reached skill level 1 in Conjurations
  2803 | D:3      | Reached skill level 1 in Hexes
  2803 | D:3      | Reached skill level 1 in Summonings
  2803 | D:3      | Reached skill level 1 in Necromancy
  2803 | D:3      | Reached skill level 1 in Translocations
  2803 | D:3      | Reached skill level 1 in Transmutations
  2803 | D:3      | Reached skill level 1 in Fire Magic
  2803 | D:3      | Reached skill level 1 in Ice Magic
  2803 | D:3      | Reached skill level 1 in Air Magic
  2803 | D:3      | Reached skill level 1 in Earth Magic
  2803 | D:3      | Reached skill level 1 in Poison Magic
  2812 | D:3      | Slain by an orc

Skill      XL: |  1  2  3  4 |
---------------+-------------+-----
Spellcasting   | 5 |  5.1
Invocations    | 1 |  1.4
Short Blades   | 1 |  1.2
Long Blades    | 1 |  1.2
Axes           | 1 |  1.2
Polearms       | 1 |  1.2
Staves         | 1 |  1.2
Slings         | 1 |  1.2
Bows           | 1 |  1.2
Crossbows      | 1 |  1.2
Throwing       | 1 |  1.2
Stealth        | 1 |  1.2
Shields        | 1 |  1.2
Unarmed Combat | 1 |  1.2
Evocations     | 1 |  1.2
Conjurations   | 1 |  1.0
Hexes          | 1 |  1.0
Summonings     | 1 |  1.0
Necromancy     | 1 |  1.0
Translocations | 1 |  1.0
Transmutations | 1 |  1.0
Fire Magic     | 1 |  1.0
Ice Magic      | 1 |  1.0
Air Magic      | 1 |  1.0
Earth Magic    | 1 |  1.0
Poison Magic   | 1 |  1.0
Fighting       | |  4.7
Maces & Flails | |  4.7
Armour         | |  2.8
Dodging        | |  4.7
Charms         | |  5.5

Action                   |  1- 3 |  4- 6 || total
-------------------------+-------+-------++-------
Melee: Mace              |   122 |    26 ||   148
       Bite              |     9 |     2 ||    11
       Punch             |       |     2 ||     2
 Cast: Infusion          |     2 |     1 ||     3
       Shroud of Golubri |       |     1 ||     1
       Song of Slaying   |       |     1 ||     1
  Use: Potion            |       |     1 ||     1
 Stab: Sleeping          |     2 |       ||     2
  Eat: Chunk             |     5 |     1 ||     6
Armor: Leather armour    |    29 |       ||    29
       Ring mail         |    12 |     2 ||    14
       Scale mail        |       |    11 ||    11
Dodge: Dodged            |    90 |    19 ||   109
